 Dungeon Crawl Stone Soup version 0.30.1-9-gdf580d7c3d (webtiles) character file.

Game seed: 2418624328173896287

88 safid the Chiller (level 4, 0/33 HPs)
             Began as a Merfolk Ice Elementalist on Oct 5, 2023.
             Killed from afar by an orc wizard (10 damage)
             ... with a magic dart
             ... on level 3 of the Dungeon on Oct 6, 2023.
             The game lasted 00:04:41 (2725 turns).

safid the Chiller (Merfolk Ice Elementalist)        Turns: 2725, Time: 00:04:43

Health: 0/33       AC:  8    Str:  8    XL:     4   Next: 53%
Magic:  2/8        EV: 12    Int: 16    God:
Gold:   231        SH:  0    Dex: 14    Spells: 1/8 levels left

rFire   . . .        k - +0 long sword
rCold   . . .        (no shield)
rNeg    . . .        a - +0 robe
rPois   .            (no helmet)
rElec   .            (no cloak)
rCorr   .            (no gloves)
SInv    .            (no boots)
Will    .....        (no amulet)
Stlth   ++           (no ring)
HPRegen 0.25/turn    (no ring)
MPRegen 0.11/turn

%: no passive effects
@: ice-armoured, freezing walls
A: (nimble swimmer 2), mertail
a: no special abilities


You were on level 3 of the Dungeon.
You visited 1 branch of the dungeon, and saw 3 of its levels.

You collected 231 gold pieces.

Inventory:

Hand Weapons
 k - a +0 long sword (weapon)
Armour
 a - a +0 robe (worn)
Scrolls
 c - 2 scrolls of teleportation {unknown}
 f - a scroll of vulnerability {unknown}
 g - a scroll of enchant armour {unknown}
 h - 3 scrolls of immolation {unknown}
 j - a scroll of poison {unknown}
 l - a scroll of noise {unknown}
 n - a scroll of amnesia {unknown}
 o - a scroll of enchant weapon {unknown}
 p - 2 scrolls of identify {unknown}
Potions
 b - a potion of magic
 d - a potion of heal wounds {unknown}
 e - a potion of curing {unknown}
 i - a potion of brilliance {unknown}
 m - 4 potions of cancellation {unknown}


   Skills:
 + Level 2.3 Fighting
 - Level 2.6 Dodging
 - Level 2.1 Stealth
 + Level 2.9 Spellcasting
 + Level 5.1 Ice Magic


You had one spell level left.
You knew the following spells:

 Your Spells              Type           Power      Damage    Failure   Level
a - Freeze                Ice            72%        1d8       2%          1
b - Frozen Ramparts       Ice            36%        1d6       7%          3
c - Ozocubu's Armour      Ice            18%        N/A       7%          3

Your spell library contained the following spells:

 Spells                   Type           Power      Damage    Failure   Level
 Stone Arrow              Conj/Erth      4%         3d7       50%         3
 Summon Ice Beast         Ice/Summ       10%        N/A       54%         4
 Animate Armour           Summ/Erth      4%         N/A       88%         4
 Lehudib's Crystal Spear  Conj/Erth      1%         10d2      100%        8


Dungeon Overview and Level Annotations

Branches:
Dungeon (3/15)

Altars:


Innate Abilities, Weirdness & Mutations

((You are very nimble when in or above water. (Stealth+, EV+, Speed+++)))
Your lower body shifts to a powerful aquatic tail in water.


Message History

You kill the orc!
Something hits you but does no damage.
You bump into the rock wall.
You hear some strange, mumbled words.
A puff of flame appears from out of thin air!
The puff of flame hits you!
You bump into the rock wall.
Something hits you but does no damage.
You're too confused to move!
You feel less confused. Something hits you.
You miss something. Something barely misses you.
You miss something.
You hear some strange, mumbled words.
Something tries to affect you, but you resist.
You hear some strange, mumbled words.
A puff of flame appears from out of thin air!
The puff of flame hits you!
* * * LOW HITPOINT WARNING * * *
Casting: Freeze (safe; 2% risk of failure)
Confirm with . or Enter, or press ? or * to list all spells.
The spell is quite dangerous to miscast (7% risk of failure)!
Continue anyway? [Y]es or [N]o only, please.
The spell is quite dangerous to miscast (7% risk of failure)!
Continue anyway?
Casting: Frozen Ramparts (quite dangerous; 7% risk of failure)
Press: ? - help, Dir - look around, f - activate The walls around you are covered in ice.
The wall freezes something but does no damage.
Something hits you but does no damage.
The wall freezes the orc.
Casting: Frozen Ramparts (quite dangerous; 7% risk of failure)
Confirm with . or Enter, or press ? or * to list all spells.
The spell is quite dangerous to miscast (7% risk of failure)!
Continue anyway? [Y]es or [N]o only, please.
The spell is quite dangerous to miscast (7% risk of failure)!
Continue anyway?
A film of ice covers your body!
The wall freezes the orc!
You kill the orc!
The wall freezes something.
You hear some strange, mumbled words.
A magic dart appears from out of thin air!
The magic dart hits you!
You die...

##..>........# ##..........# .
#### ##........## #.. #...
#####........###.... #...
#.........##.#...... #...
#..............# #...
#.........##)##..# #...
#....>....##{# .#.......##.[.
#.........##@#.#........##...
#####.#.####.#.#.......##..^.
#.#.####...#.............
######.#......###........#....
#...........#.###..........###
#......†............>...####
#.........................##
######.######......##.###..#
#.#......#######.# ##.###


There were no monsters in sight!

Vanquished Creatures
  An orc wizard (D:3)
  3 worms
  4 dart slugs
  4 orcs (D:3)
  5 ball pythons
  4 bats
  3 endoplasms
  5 giant cockroaches
  7 goblins
  A kobold (D:2)
  2 quokkas (D:3)
  2 frilled lizards
  3 rats (D:1)
44 creatures vanquished.

Notes
Turn   | Place    | Note
-------+----------+-------------------------------------------
     0 | D:1      | safid the Merfolk Ice Elementalist began the quest for the
                  | Orb.
     0 | D:1      | Reached XP level 1. HP: 13/13 MP: 3/3
   534 | D:1      | Reached XP level 2. HP: 10/20 MP: 0/5
   543 | D:1      | Reached skill level 1 in Fighting
  1308 | D:1      | Reached XP level 3. HP: 21/26 MP: 2/6
  1410 | D:1      | Learned a level 3 spell: Frozen Ramparts
  2398 | D:2      | Learned a level 3 spell: Ozocubu's Armour
  2467 | D:3      | Reached skill level 5 in Ice Magic
  2467 | D:3      | Reached XP level 4. HP: 19/33 MP: 2/8
  2725 | D:3      | Killed from afar by an orc wizard

Illustrated notes

Levels and vault maps discovered:
D:1:      minmay_arrival_three_doors, layout_basic, minmay_hedge_maze,
          glass_columns_a
D:2:      layout_loops_corners
D:3:      layout_rooms, shapermc_ecumenical_altar_mp_highgroup

Skill      XL: |  1  2  3 |
---------------+----------+-----
Fighting       | 1 2 |  2.3
Ice Magic      | 5 |  5.1
Dodging        | |  2.6
Stealth        | |  2.1
Spellcasting   | |  2.9

Action                     |  1- 3 |  4- 6 || total
---------------------------+-------+-------++-------
  Melee: Short sword       |   597 |       ||   597
         Punch             |    10 |     1 ||    11
         Long sword        |    27 |    17 ||    44
   Cast: Freeze            |    28 |     2 ||    30
         Frozen Ramparts   |     1 |     1 ||     2
         Ozocubu's Armour  |       |     1 ||     1
   Stab: Sleeping          |     7 |       ||     7
 Armour: Robe              |    18 |     4 ||    22
  Dodge: Dodged            |    58 |    17 ||    75
